 Dungeon Crawl Stone Soup version 0.18.1-50-g88ac8fd (webtiles) character file.

43 Gaplan the Insei (level 3, 0/23 HPs)
             Began as an Octopode Transmuter on Oct 16, 2016.
             Killed from afar by a dart slug (4 damage)
             ... with a slug dart
             ... on level 2 of the Dungeon.
             The game lasted 00:04:23 (1110 turns).

Gaplan the Insei (Octopode Transmuter)              Turns: 1110, Time: 00:04:24

Health: 0/23       AC:  4    Str:  9    XL:     3   Next: 58%
Magic:  6/6        EV: 12    Int: 16    God:
Gold:   38         SH:  0    Dex: 12    Spells: 1 memorised, 5 levels left

rFire  . . .     SeeInvis .       - Unarmed
rCold  . . .     Gourm    .     (no shield)
rNeg   . . .     Faith    .     (helmet restricted)
rPois  .         Spirit   .     (no amulet)
rElec  .         Dismiss  .     i - +3 ring of protection
rCorr  .         Reflect  .     (no ring)
SustAt .         Harm     .     (no ring)
MR     .....                    (no ring)
Stlth  +++.......               (no ring)
                                (no ring)
                                (no ring)
                                (no ring)

@: not resistant to hostile enchantments, fairly stealthy
A: almost no armour, amphibious, 8 rings, constrict 8, camouflage 1, gelatinous
body 1
a: no special abilities


You were on level 2 of the Dungeon.
You were not hungry.

You visited 1 branch of the dungeon, and saw 2 of its levels.

You collected 38 gold pieces.

Inventory:

Hand Weapons
 l - a -3 dagger
 o - a cursed +0 dagger
Missiles
 a - 12 arrows
Jewellery
 i - a +3 ring of protection (left tentacle)
Scrolls
 h - a scroll of enchant weapon {unknown}
 j - a scroll of identify
 k - a scroll of fear {unknown}
 m - a scroll of teleportation {unknown}
Potions
 e - a potion of curing {unknown}
 f - 2 potions of heal wounds {unknown}
Books
 b - a book of Changes

   Spells                             Type                      Level
   a - Beastly Appendage              Transmutation                1
   b - Sticks to Snakes               Transmutation                2
   c - Spider Form                    Transmutation/Poison         3
   d - Ice Form                       Ice/Transmutation            4
   e - Blade Hands                    Transmutation                5
Comestibles
 c - a bread ration
 n - a chunk of flesh


   Skills:
 + Level 1.0 Fighting
 + Level 2.1 Dodging
 + Level 1.1 Stealth
 + Level 3.7 Unarmed Combat
 + Level 2.3 Spellcasting
 + Level 2.3 Transmutations


You had 5 spell levels left.
You knew the following spells:

 Your Spells              Type           Power        Failure   Level  Hunger
a - Beastly Appendage     Trmt           #.....       10%         1    #......


Dungeon Overview and Level Annotations

Branches:
Dungeon (2/15)

Altars:


Innate Abilities, Weirdness & Mutations

You cannot wear most types of armour.
You are amphibious.
You can wear up to eight rings at the same time.
You can use your tentacles to constrict eight enemies at once.
Your skin changes colour to match your surroundings (Stealth).
Your rubbery body absorbs attacks (AC +1).


Message History

You feel sick.
You start resting.
Eating one of 2 chunks of flesh.
This raw flesh tastes terrible.
You continue eating.
You feel sick.
You continue eating.
You feel sick.
A goblin comes into view. It is wielding a club.
The goblin shouts!
A rat comes into view.
You feel sick.
You feel sick.
You feel sick.
A dart slug comes into view.
You feel sick.
You feel sick.
You are no longer poisoned.
The dart slug launches a dart at you. The slug dart hits you!
You die...

#..#.# #..#.#
#..#.#
##.#.###
##....w.#
##.....#.#
#.....##.#
#.....##.#
#..#####@# #
## #..#####.#
.####.
#........#
.....
##.########
#... #...#
#... #...#
#... #...# #..
#...# .#
######.
#####...######
#.# #.....#


You could see a dart slug.

Vanquished Creatures
  2 adders (D:2)
  An ooze (D:2)
  3 giant geckos (D:1)
  A giant cockroach (D:2)
  2 hobgoblins (D:1)
  2 kobolds
  7 bats (D:1)
  A rat (D:2)
19 creatures vanquished.

Notes
Turn   | Place    | Note
--------------------------------------------------------------
     0 | D:1      | Gaplan the Octopode Transmuter began the quest for the Orb.
     0 | D:1      | Reached XP level 1. HP: 13/13 MP: 3/3
   113 | D:1      | Reached XP level 2. HP: 15/18 MP: 5/5
   686 | D:2      | Reached XP level 3. HP: 11/23 MP: 6/6
  1084 | D:2      | Reached skill level 1 in Stealth
  1110 | D:2      | Killed from afar by a dart slug

Skill      XL: |  1  2  3 |
---------------+----------+-----
Stealth        | 1 |  1.1
Fighting       | |  1.0
Dodging        | |  2.1
Unarmed Combat | |  3.7
Spellcasting   | |  2.3
Transmutations | |  2.3

Action                   || total
-------------------------++-------
Melee: Unarmed           ||    43
       Constrict         ||    10
       Tentacles         ||     8
       Punch             ||     1
       Dagger            ||     7
  Use: Scroll            ||     3
 Stab: Sleeping          ||     5
  Eat: Chunk             ||     1
Armor: Skin              ||    11
Dodge: Dodged            ||    32
